 Dungeon Crawl Stone Soup version 0.24-a0-725-gf1a930fc54 (webtiles) character file.

Game seed: 8725150666603508812, levelgen mode: deterministic

60 Kohma the Ruffian (level 3, -3/28 HPs)
             Began as a Draconian Transmuter on Oct 1, 2019.
             Killed from afar by Natasha (7 damage)
             ... with a magic dart
             ... on level 2 of the Dungeon.
             The game lasted 00:03:16 (1276 turns).

Kohma the Ruffian (Draconian Transmuter)            Turns: 1276, Time: 00:03:16

Health: -3/28      AC:  5    Str: 12    XL:     3   Next: 82%
Magic:  2/6        EV: 12    Int: 14    God:
Gold:   116        SH:  0    Dex: 11    Spells: 4/7 levels left

rFire    . . .     SeeInvis .     - Unarmed
rCold    . . .     Gourm    .   (no shield)
rNeg     . . .     Faith    .   (armour unavailable)
rPois    .         Spirit   .   (helmet restricted)
rElec    .         Reflect  .   (no cloak)
rCorr    .         Harm     .   (no gloves)
MR       .....                  (no boots)
Stlth    +.........             (no amulet)
HPRegen  0.09/turn              (no ring)
MPRegen  0.10/turn              (no ring)

@: slowed, very slow
A: unfitting armour, cold-blooded, AC +5
a: no special abilities


You were on level 2 of the Dungeon.
You were hungry.

You visited 1 branch of the dungeon, and saw 2 of its levels.

You collected 116 gold pieces.

Inventory:

Missiles
 a - 48 arrows
 f - 36 stones (quivered)
Jewellery
 g - a cursed ring of attention {unknown}
Scrolls
 b - 4 scrolls of identify {unknown}
 e - a scroll of enchant armour {unknown}
 k - a scroll of immolation {unknown}
Potions
 d - a potion of haste {unknown}
 h - a potion of agility {unknown}
 j - a potion of flight {unknown}
 l - a potion of magic {unknown}
Comestibles
 c - 6 rations
 i - 3 chunks of flesh


   Skills:
 - Level 1.1 Fighting
 - Level 1.7 Dodging
 * Level 4.0 Unarmed Combat
 + Level 2.5 Spellcasting
 + Level 2.6 Transmutations


You had 4 spell levels left.
You knew the following spells:

 Your Spells              Type           Power        Failure   Level  Hunger
a - Beastly Appendage     Tmut           #.....       8%          1    #......
b - Sticks to Snakes      Tmut           #.......     12%         2    ###....

Your spell library contained the following spells:

 Spells                   Type           Power        Failure   Level  Hunger
 Spider Form              Tmut/Pois      #.........   36%         3    ###....
 Ice Form                 Ice/Tmut       #.......     78%         4    #####..
 Blade Hands              Tmut           #.........   91%         5    ######.


Dungeon Overview and Level Annotations

Branches:
Dungeon (2/15)

Altars:

Annotations:
D:2 Natasha


Innate Abilities, Weirdness & Mutations

Your plain brown scales are hard. (AC +5)
You cannot fit into any form of body armour.
You are cold-blooded and may be slowed by cold attacks.


Message History

Natasha casts a spell at you. You resist with significant effort.
You swap places.
Your ball python closely misses Natasha.
Your ball python grabs Natasha.
Your ball python constricts Natasha.
Natasha claws your ball python!
Your ball python dies!
You swap places.
Natasha claws your ball python!
Your ball python dies!
Natasha casts a spell at you.
You feel as though you will be slow longer.
Natasha casts a spell at you.
You feel as though you will be slow longer.
Casting: Sticks to Snakes (safe; 12% risk of failure)
Confirm with . or Enter, or press ? or * to list all spells.
You don't have enough magic to cast that spell.
Some of the chunks of flesh in your inventory have rotted away.
Natasha stares at you and mumbles some strange words.
The magic dart hits you!
You die...

#...####.###.#
#).
#.........##.##
#..
...........##..#
...
...........###.#
.#..
.........#.###.#
##.........##..#
#...########.##
#...#
####)##########
#...
#......@...h..#
#.##.##.#####.#
# #.##.# #.#
#..... #.#
####.## #.# ..#
... ... ..# .##
###


You could see Natasha.

Vanquished Creatures
  2 adders (D:2)
  An ooze (D:2)
  A worm (D:2)
  A dart slug (D:1)
  A leopard gecko (D:1)
  7 bats
  A giant cockroach (D:1)
  3 goblins (D:1)
  3 hobgoblins
  3 kobolds
  5 frilled lizards
  5 rats
33 creatures vanquished.

Notes
Turn   | Place    | Note
-------+----------+-------------------------------------------
     0 | D:1      | Kohma the Draconian Transmuter began the quest for the Orb.
     0 | D:1      | Reached XP level 1. HP: 16/16 MP: 3/3
    71 | D:1      | Reached XP level 2. HP: 12/23 MP: 3/5
   243 | D:1      | Learned a level 2 spell: Sticks to Snakes
   963 | D:2      | Reached XP level 3. HP: 26/28 MP: 4/6
  1162 | D:2      | Reached skill level 4 in Unarmed Combat
  1255 | D:2      | Noticed Natasha
  1276 | D:2      | Killed from afar by Natasha

Levels and vault maps discovered:
D:1:      lemuel_arrival_rhombus, layout_basic
D:2:      layout_loops_cross, minivault_11, uniq_jessica, uniq_natasha

Skill      XL: |  1  2  3 |
---------------+----------+-----
Unarmed Combat | 4 |  4.0
Fighting       | |  1.1
Dodging        | |  1.7
Spellcasting   | |  2.5
Transmutations | |  2.6

Action                   || total
-------------------------++-------
Melee: Unarmed           ||   112
       Tailslap          ||    11
       Kick              ||     8
       Punch             ||     2
       Headbutt          ||     1
 Cast: Beastly Appendage ||     4
       Sticks to Snakes  ||     3
 Stab: Sleeping          ||     1
  Eat: Chunk             ||     1
Armor: Skin              ||    53
Dodge: Dodged            ||    90

Table legend:
 A = Non-vault XP
 B = Vault XP
 C = Vault XP percentage of total XP
 D = Non-vault monster count
 E = Vault monster count
 F = Vault count percentage of total count
                 A         B        C        D         E       F
            +---------+---------+-------+---------+---------+-------
      Total |      87 |       0 |   0.0 |      33 |       0 |   0.0
            +---------+---------+-------+---------+---------+-------
        D:1 |      35 |       0 |   0.0 |      20 |       0 |   0.0
        D:2 |      52 |       0 |   0.0 |      13 |       0 |   0.0
            +---------+---------+-------+---------+---------+-------
